| TOP OF THE 1ST |
|
Great Lakes Loons batting - Pitching for South Bend Cubs : RHP Daniel Sullivan
|
|
Pitching: RHP Daniel Sullivan
|
|
|
Batting: RHB Ken Jenkins
|
0-0: Ball 1-0: Called Strike 1-1: Ball 2-1: Ball 3-1: TRIPLE (Flyball, 89XD, EV 95.0 MPH)
|
|
Batting: RHB Alex Mejia
|
0-0: Fly out, F4 (Flyball, 4D, EV 85.6 MPH)
|
|
Batting: LHB Antonio Luis
|
0-0: Called Strike 0-1: Foul Ball, location: 2F 0-2: Ball 1-2: DOUBLE (Groundball, 5L, EV 100.6 MPH) Ken Jenkins scores
|
|
Batting: RHB Mike Sims
|
0-0: Ground out 5-3 (Groundball, 56S, EV 90.0 MPH)
|
|
Batting: LHB Jim Chalk
|
0-0: Foul Ball, location: 2F 0-1: SINGLE (Groundball, 4MD, EV 94.4 MPH) Antonio Luis to third Runner from 3rd tries for Home, throw by CF and OUT! 8-2
|
| Top of the 1st over - 1 run, 3 hits, 0 errors, 1 left on base; Great Lakes 1 - South Bend 0 |
| BOTTOM OF THE 1ST |
|
South Bend Cubs batting - Pitching for Great Lakes Loons : RHP Adonis Loyd
|
|
Pitching: RHP Adonis Loyd
|
|
|
Batting: RHB Jason Ostrom
|
0-0: Called Strike 0-1: Ball 1-1: Foul Ball, location: 2F 1-2: SINGLE (Groundball, 56D, EV 106.9 MPH)
|
|
Batting: LHB Bill Tardiff
|
0-0: Ball 1-0: Ball 2-0: Ball 3-0: Base on Balls Jason Ostrom to second
|
|
Batting: RHB Mike Savage
|
0-0: Foul Ball, location: 2F 0-1: Foul Ball, location: 2F 0-2: TRIPLE (Flyball, 78XD, EV 100.6 MPH) Jason Ostrom scores Bill Tardiff scores
|
|
Batting: LHB Mike DiNardo
|
0-0: Ball 1-0: Fly out, F8 (Flyball, 8LXD, EV 83.1 MPH) Runner from 3rd tags up, SCORES, no throw by CF
|
|
Batting: SHB Benoît Morin
|
0-0: Ball 1-0: Swinging Strike 1-1: Foul Ball, location: 2F 1-2: Ground out 6-3 (Groundball, 6, EV 104.4 MPH)
|
|
Batting: LHB Jim Polson
|
0-0: Ground out 5-3 (Groundball, 56, EV 90.0 MPH)
|
| Bottom of the 1st over - 3 runs, 2 hits, 0 errors, 0 left on base; Great Lakes 1 - South Bend 3 |
| TOP OF THE 2ND |
|
Great Lakes Loons batting - Pitching for South Bend Cubs : RHP Daniel Sullivan
|
|
Batting: LHB Alberto Chavez
|
0-0: Called Strike 0-1: Ball 1-1: Foul Ball, location: 2F 1-2: Ball 2-2: Fly out, F8 (Flyball, 8LXD, EV 103.8 MPH)
|
|
Batting: RHB Phil Knox
|
0-0: Ball 1-0: Called Strike 1-1: DOUBLE (Line Drive, 9LM, EV 88.8 MPH)
|
|
Batting: RHB Josh Kimbrell
|
0-0: Called Strike 0-1: Swinging Strike 0-2: Ball 1-2: Strikes out swinging
|
|
Batting: RHB Santos Guadalupe
|
0-0: Called Strike 0-1: Swinging Strike 0-2: Ground out 6-3 (Groundball, 6, EV 85.6 MPH)
|
| Top of the 2nd over - 0 runs, 1 hit, 0 errors, 1 left on base; Great Lakes 1 - South Bend 3 |
| BOTTOM OF THE 2ND |
|
South Bend Cubs batting - Pitching for Great Lakes Loons : RHP Adonis Loyd
|
|
Batting: RHB Omar Novoa
|
0-0: Ball 1-0: Ball 2-0: Called Strike 2-1: Swinging Strike 2-2: Ground out 6-3 (Groundball, 6S, EV 63.8 MPH)
|
|
Batting: RHB John Madden
|
0-0: Foul Ball, location: 2F 0-1: SINGLE (Groundball, 6D, EV 108.1 MPH)
|
|
Batting: SHB Alvaro Andrade
|
0-0: Ball 1-0: Called Strike 1-1: Foul Ball, location: 2F 1-2: Ball 2-2: Strikes out swinging
|
|
Batting: RHB Jason Ostrom
|
0-0: Ground out 6-3 (Groundball, 6D, EV 97.5 MPH)
|
| Bottom of the 2nd over - 0 runs, 1 hit, 0 errors, 1 left on base; Great Lakes 1 - South Bend 3 |
| TOP OF THE 3RD |
|
Great Lakes Loons batting - Pitching for South Bend Cubs : RHP Daniel Sullivan
|
|
Batting: RHB Ken Jenkins
|
0-0: Called Strike 0-1: Called Strike 0-2: Ground out 1-3 (Groundball, 13, EV 70.6 MPH)
|
|
Batting: RHB Alex Mejia
|
0-0: Ball 1-0: Ball 2-0: Ball 3-0: Called Strike 3-1: Foul Ball, location: 2F 3-2: Fly out, F8 (Line Drive, 8RM, EV 90.6 MPH)
|
|
Batting: LHB Antonio Luis
|
0-0: Ball 1-0: Fly out, F7 (Flyball, 7S, EV 91.2 MPH)
|
| Top of the 3rd over - 0 runs, 0 hits, 0 errors, 0 left on base; Great Lakes 1 - South Bend 3 |
| BOTTOM OF THE 3RD |
|
South Bend Cubs batting - Pitching for Great Lakes Loons : RHP Adonis Loyd
|
|
Batting: LHB Bill Tardiff
|
0-0: Fly out, F9 (Flyball, 9LD, EV 88.1 MPH)
|
|
Batting: RHB Mike Savage
|
0-0: Ball 1-0: Ball 2-0: Called Strike 2-1: Ball 3-1: Foul Ball, location: 2F 3-2: Foul Ball, location: 2F 3-2: Fly out, F6 (Popup, 6, EV 56.9 MPH)
|
|
Batting: LHB Mike DiNardo
|
0-0: Ball 1-0: Ball 2-0: Ground out 5-3 (Groundball, 6, EV 84.4 MPH)
|
| Bottom of the 3rd over - 0 runs, 0 hits, 0 errors, 0 left on base; Great Lakes 1 - South Bend 3 |
| TOP OF THE 4TH |
|
Great Lakes Loons batting - Pitching for South Bend Cubs : RHP Daniel Sullivan
|
|
Batting: RHB Mike Sims
|
0-0: Fly out, F8 (Flyball, 8LS, EV 92.5 MPH)
|
|
Batting: LHB Jim Chalk
|
0-0: SINGLE (Groundball, 4M, EV 85.0 MPH) (infield hit)
|
|
Batting: LHB Alberto Chavez
|
0-0: Grounds into double play, 5-4-3 (Groundball, 56, EV 100.6 MPH)
|
| Top of the 4th over - 0 runs, 1 hit, 0 errors, 0 left on base; Great Lakes 1 - South Bend 3 |
| BOTTOM OF THE 4TH |
|
South Bend Cubs batting - Pitching for Great Lakes Loons : RHP Adonis Loyd
|
|
Batting: SHB Benoît Morin
|
0-0: Ball 1-0: Foul Ball, location: 2F 1-1: Ball 2-1: Ball 3-1: Swinging Strike 3-2: Strikes out looking
|
|
Batting: LHB Jim Polson
|
0-0: Ball 1-0: Fly out, F7 (Flyball, 78M, EV 88.1 MPH)
|
|
Batting: RHB Omar Novoa
|
0-0: Ground out 6-3 (Groundball, 6, EV 84.4 MPH)
|
| Bottom of the 4th over - 0 runs, 0 hits, 0 errors, 0 left on base; Great Lakes 1 - South Bend 3 |
| TOP OF THE 5TH |
|
Great Lakes Loons batting - Pitching for South Bend Cubs : RHP Daniel Sullivan
|
|
Batting: RHB Phil Knox
|
0-0: Ball 1-0: Ground out 6-3 (Groundball, 6, EV 87.5 MPH)
|
|
Pitching: LHP Andres Lobato
|
|
|
Batting: RHB Josh Kimbrell
|
0-0: Called Strike 0-1: Ball 1-1: Called Strike 1-2: Ball 2-2: Strikes out looking
|
|
Batting: RHB Santos Guadalupe
|
0-0: Ball 1-0: Ball 2-0: Ball 3-0: Base on Balls
|
|
Batting: RHB Ken Jenkins
|
0-0: Ball 1-0: SINGLE (Groundball, 5S, EV 69.4 MPH) (infield hit) Santos Guadalupe to second
|
|
Batting: RHB Alex Mejia
|
0-0: Foul Ball, location: 2F 0-1: Called Strike 0-2: Ball 1-2: Ball 2-2: DOUBLE (Line Drive, 7LM, EV 107.5 MPH) Santos Guadalupe scores Ken Jenkins to third
|
|
Batting: LHB Antonio Luis
|
0-0: Swinging Strike 0-1: Swinging Strike 0-2: Ball 1-2: Strikes out swinging
|
| Top of the 5th over - 1 run, 2 hits, 0 errors, 2 left on base; Great Lakes 2 - South Bend 3 |
| BOTTOM OF THE 5TH |
|
South Bend Cubs batting - Pitching for Great Lakes Loons : RHP Adonis Loyd
|
|
Batting: RHB John Madden
|
0-0: Called Strike 0-1: Fly out, F8 (Line Drive, 8RD, EV 88.8 MPH)
|
|
Batting: SHB Alvaro Andrade
|
0-0: Called Strike 0-1: Ball 1-1: Ball 2-1: Reached on error, E3 (Groundball, 3, EV 78.8 MPH)
|
|
Batting: RHB Jason Ostrom
|
0-0: Ball 1-0: SINGLE (Line Drive, 6MD, EV 109.4 MPH) Alvaro Andrade to second
|
|
Batting: LHB Bill Tardiff
|
0-0: Ball 1-0: Foul Ball, location: 2F 1-1: Called Strike 1-2: Ball 2-2: Foul Ball, location: 2F 2-2: DOUBLE (Groundball, 5L, EV 101.2 MPH) Alvaro Andrade scores Jason Ostrom to third Runner from 3rd tries for Home, SAFE, throw by LF to trailing runner, SAFE at third!
|
|
Pitching: RHP Jeremy Stock
|
|
|
Batting: RHB Mike Savage
|
0-0: Swinging Strike 0-1: Ball 1-1: Called Strike 1-2: Ball 2-2: Ground out 5-3 (Groundball, 56S, EV 68.8 MPH)
|
|
Batting: LHB Mike DiNardo
|
0-0: Intentional Walk
|
|
Batting: SHB Benoît Morin
|
0-0: Ball 1-0: Swinging Strike 1-1: Ball 2-1: Ground out U3 (Groundball, 34, EV 86.9 MPH)
|
| Bottom of the 5th over - 2 runs, 2 hits, 1 error, 2 left on base; Great Lakes 2 - South Bend 5 |
| TOP OF THE 6TH |
|
Great Lakes Loons batting - Pitching for South Bend Cubs : LHP Andres Lobato
|
|
Batting: RHB Mike Sims
|
0-0: Ball 1-0: Ball 2-0: Ball 3-0: Base on Balls
|
|
Batting: LHB Jim Chalk
|
0-0: Called Strike 0-1: Ball 1-1: Foul Ball, location: 2F 1-2: Fly out, F8 (Flyball, 8LM, EV 81.9 MPH)
|
|
Batting: LHB Alberto Chavez
|
0-0: Ball 1-0: Ball 2-0: Called Strike 2-1: Swinging Strike 2-2: Strikes out swinging
|
|
Batting: RHB Phil Knox
|
0-0: Called Strike 0-1: Swinging Strike 0-2: Foul Ball, location: 2F 0-2: Strikes out swinging
|
| Top of the 6th over - 0 runs, 0 hits, 0 errors, 1 left on base; Great Lakes 2 - South Bend 5 |
| BOTTOM OF THE 6TH |
|
South Bend Cubs batting - Pitching for Great Lakes Loons : RHP Jeremy Stock
|
|
Batting: LHB Jim Polson
|
0-0: Ground out U3 (Groundball, 3, EV 84.4 MPH)
|
|
Batting: RHB Omar Novoa
|
0-0: Swinging Strike 0-1: Foul Ball, location: 2F 0-2: Ball 1-2: Foul Ball, location: 2F 1-2: Strikes out swinging
|
|
Batting: RHB John Madden
|
0-0: Swinging Strike 0-1: SOLO HOME RUN (Flyball, 7D, EV 98.1 MPH), Distance : 385 ft
|
|
Batting: SHB Alvaro Andrade
|
0-0: Ball 1-0: SINGLE (Groundball, 34D, EV 95.6 MPH)
|
|
Batting: RHB Jason Ostrom
|
0-0: Ball 1-0: Called Strike 1-1: Called Strike 1-2: Fly out, F9 (Line Drive, 9D, EV 101.9 MPH)
|
| Bottom of the 6th over - 1 run, 2 hits, 0 errors, 1 left on base; Great Lakes 2 - South Bend 6 |
| TOP OF THE 7TH |
|
Great Lakes Loons batting - Pitching for South Bend Cubs : LHP Andres Lobato
|
|
Pitching: RHP Gavrel Godziashvili
|
|
|
Batting: RHB Josh Kimbrell
|
0-0: SINGLE (Groundball, 34D, EV 105.6 MPH)
|
|
Batting: RHB Santos Guadalupe
|
0-0: Ball 1-0: Foul Ball, location: 2F 1-1: Swinging Strike 1-2: Foul Ball, location: 2F 1-2: Strikes out swinging
|
|
Batting: RHB Ken Jenkins
|
0-0: 2-RUN HOME RUN (Flyball, 9D, EV 105.6 MPH), Distance : 408 ft
|
|
Pitching: RHP Eric Allen
|
|
|
Batting: RHB Alex Mejia
|
0-0: Ground out 5-3 (Groundball, 56S, EV 85.6 MPH)
|
|
Batting: LHB Antonio Luis
|
0-0: Foul Ball, location: 2F 0-1: Fly out, F8 (Flyball, 78D, EV 87.5 MPH)
|
| Top of the 7th over - 2 runs, 2 hits, 0 errors, 0 left on base; Great Lakes 4 - South Bend 6 |
| BOTTOM OF THE 7TH |
|
South Bend Cubs batting - Pitching for Great Lakes Loons : RHP Jeremy Stock
|
|
Batting: LHB Bill Tardiff
|
0-0: Foul Ball, location: 2F 0-1: Ball 1-1: SINGLE (Groundball, 4M, EV 108.8 MPH) (infield hit)
|
|
Batting: RHB Mike Savage
|
0-0: Ball Bill Tardiff steals 2nd base 1-0: Foul Ball, location: 2F 1-1: Fly out, F7 (Flyball, 78D, EV 83.1 MPH)
|
|
Batting: LHB Mike DiNardo
|
0-0: Intentional Walk
|
|
Batting: SHB Benoît Morin
|
0-0: Ball Bill Tardiff steals 3rd base 1-0: Ball 2-0: Called Strike 2-1: Ball 3-1: Fly out, F4 (Line Drive, 4, EV 73.8 MPH)
|
|
Batting: LHB Jim Polson
|
0-0: Called Strike 0-1: Ball 1-1: Called Strike 1-2: Ball 2-2: Foul Ball, location: 2F 2-2: Foul Ball, location: 2F 2-2: Fly out, F7 (Flyball, 78S, EV 83.8 MPH)
|
| Bottom of the 7th over - 0 runs, 1 hit, 0 errors, 2 left on base; Great Lakes 4 - South Bend 6 |
| TOP OF THE 8TH |
|
Great Lakes Loons batting - Pitching for South Bend Cubs : RHP Eric Allen
|
|
Batting: RHB Mike Sims
|
0-0: Ball 1-0: Fly out, F7 (Flyball, 7, EV 85.0 MPH)
|
|
Batting: LHB Jim Chalk
|
0-0: Foul Ball, location: 2F 0-1: Ground out 6-3 (Groundball, 6, EV 80.6 MPH)
|
|
Batting: LHB Alberto Chavez
|
0-0: Foul Ball, location: 2F 0-1: Ball 1-1: Foul Ball, location: 2F 1-2: Fly out, F8 (Line Drive, 8LD, EV 96.2 MPH)
|
| Top of the 8th over - 0 runs, 0 hits, 0 errors, 0 left on base; Great Lakes 4 - South Bend 6 |
| BOTTOM OF THE 8TH |
|
South Bend Cubs batting - Pitching for Great Lakes Loons : RHP Jeremy Stock
|
|
Pitching: RHP Servaas Morrow
|
|
|
Batting: RHB Omar Novoa
|
0-0: Ball 1-0: Ground out 6-3 (Groundball, 56, EV 76.9 MPH)
|
|
Batting: RHB John Madden
|
0-0: Called Strike 0-1: Called Strike 0-2: Ball 1-2: Foul Ball, location: 2F 1-2: Strikes out swinging
|
|
Batting: SHB Alvaro Andrade
|
0-0: Called Strike 0-1: Ball 1-1: Ball 2-1: Foul Ball, location: 2F 2-2: Strikes out looking
|
| Bottom of the 8th over - 0 runs, 0 hits, 0 errors, 0 left on base; Great Lakes 4 - South Bend 6 |
| TOP OF THE 9TH |
|
Great Lakes Loons batting - Pitching for South Bend Cubs : RHP Eric Allen
|
|
Batting: RHB Phil Knox
|
0-0: Ball 1-0: Ground out 2-3 (Groundball, 15S, EV 73.1 MPH)
|
|
Pinch Hitting: LHB Chris Barrera
|
0-0: Foul Ball, location: 2F 0-1: Ball 1-1: Ball 2-1: Fly out, F7 (Line Drive, 78M, EV 105.0 MPH)
|
|
Batting: RHB Santos Guadalupe
|
0-0: Ball 1-0: Ball 2-0: Called Strike 2-1: Ground out U3 (Groundball, 34, EV 103.1 MPH)
|
| Top of the 9th over - 0 runs, 0 hits, 0 errors, 0 left on base; Great Lakes 4 - South Bend 6 |
|